 Dungeon Crawl Stone Soup version 0.29.1-15-g9cfb28693d (webtiles) character file.

Game seed: 2419022400566890008

7 Mickster the Grave Robber (level 1, -1/16 HPs)
             Began as a Demigod Wanderer on Mar 9, 2023.
             Slain by a frilled lizard (3 damage)
             ... on level 1 of the Dungeon.
             The game lasted 00:03:58 (238 turns).

Mickster the Grave Robber (Demigod Wanderer)         Turns: 238, Time: 00:03:59

Health: -1/16      AC:  3    Str: 10    XL:     1   Next: 66%
Magic:  4/4        EV:  8    Int: 15    God:
Gold:   11         SH:  0    Dex: 15    Spells: 2/2 levels left

rFire   . . .      SeeInvis .   a - +0 dagger
rCold   . . .      Faith    .   (no shield)
rNeg    . . .      Spirit   .   c - +0 robe
rPois   .          Reflect  .   (no helmet)
rElec   .          Harm     .   (no cloak)
rCorr   .          Rampage  .   (no gloves)
Will    .....                   d - +0 pair of boots
Stlth   ++........              (no amulet)
HPRegen 0.05/turn               (no ring)
MPRegen 0.09/turn               (no ring)

@: constricted
A: high MP 1, forlorn, divine attributes
a: no special abilities


You were on level 1 of the Dungeon.
You visited 1 branch of the dungeon, and saw 1 of its levels.

You collected 11 gold pieces.

Inventory:

Hand Weapons
 a - a +0 dagger (weapon)
 e - a +0 sling
Missiles
 f - 5 stones (quivered)
Armour
 c - a +0 robe (worn)
 d - a +0 pair of boots (worn)
Scrolls
 b - a scroll of butterflies


   Skills:
 + Level 1.0 Fighting
 + Level 1.0 Armour
 + Level 1.0 Stealth
 + Level 1.0 Spellcasting
 + Level 3.1 Necromancy
 + Level 1.7 Ice Magic
 + Level 1.0 Evocations


You had 2 spell levels left.
You didn't know any spells.
Your spell library contained the following spells:

 Spells                   Type           Power      Damage    Failure   Level
 Necrotise                Necr           40%        1d6       7%          1
 Freeze                   Ice            24%        1d5       12%         1
 Vampiric Draining        Necr           10%        2d6       21%         3
 Ozocubu's Armour         Ice            6%         N/A       34%         3
 Corpse Rot               Necr/Pois/Air  3%         N/A       85%         4


Dungeon Overview and Level Annotations

Branches:
Dungeon (1/15)


Innate Abilities, Weirdness & Mutations

You have an increased reservoir of magic. (+10% MP)
You shall have no god before yourself.
Your divine heritage dramatically boosts your attributes as you level up.


Message History

You hit the endoplasm.
The endoplasm is severely wounded.
The endoplasm freezes you.
You are frozen.
You hit the endoplasm.
You kill the endoplasm!
You see here 5 stones.
f - 5 stones You open the door.
A goblin comes into view. It is wielding a +0 dagger.
There is an open door here.
The goblin shouts!
You hear an angry hiss.
Found a murky amethyst potion.
A frilled lizard comes into view.
The goblin closely misses you.
You barely miss the goblin.
A ball python comes into view.
The goblin misses you.
You closely miss the goblin. The goblin completely misses you.
You hit the goblin but do no damage. The goblin hits you with a +0 dagger.
You miss the goblin. The goblin barely misses you.
You completely miss the goblin. The goblin barely misses you.
The frilled lizard bites you but does no damage.
You hit the goblin.
You kill the goblin!
The frilled lizard closely misses you.
You barely miss the ball python. The ball python bites you.
The ball python grabs you. The ball python constricts you.
The frilled lizard closely misses you.
You closely miss the ball python. The ball python barely misses you.
The ball python constricts you.
The ball python bites you but does no damage.
The ball python constricts you. The frilled lizard bites you.
* * * LOW HITPOINT WARNING * * *
You barely miss the ball python. The ball python bites you.
* * * LOW HITPOINT WARNING * * *
The ball python constricts you. The frilled lizard closely misses you.
You closely miss the ball python. The ball python barely misses you.
The ball python constricts you. The frilled lizard bites you.
You die...

#.#.####### ####..........+
#.#.. .# .............##
#.#### .# ######...........
#.#######.#.... ...........†.
#......................##....
#........##########....#####'
#........'........+.... #.
##.......#.....####.... #.
#.......#..@..# #... #.
#.......#..Sl.# #.. #.
#########.....# #. .......#
#....... .......... ##+#####
............ ..!..........
..........#### ♣♣ #+#####


You could see a ball python and a frilled lizard.

Vanquished Creatures
  A ball python (D:1)
  A bat (D:1)
  An endoplasm (D:1)
  A goblin (D:1)
  A hobgoblin (D:1)
5 creatures vanquished.

Notes
Turn   | Place    | Note
-------+----------+-------------------------------------------
     0 | D:1      | Mickster the Demigod Wanderer began the quest for the Orb.
     0 | D:1      | Mickster set off with the following items: a +0 dagger, a
                  | scroll of butterflies, a +0 robe, a +0 pair of boots; and
                  | the following spells available to memorise: Necrotise,
                  | Freeze, Vampiric Draining, Ozocubu's Armour, Corpse Rot.
     0 | D:1      | Reached XP level 1. HP: 16/16 MP: 4/4
   142 | D:1      | Reached skill level 3 in Necromancy
   238 | D:1      | Slain by a frilled lizard

Illustrated notes

Levels and vault maps discovered:
D:1:      beargit_arrival_diablo_church, layout_basic, basic_ecumenical_altar,
          st_stairs_2, serial_bayou_lagoon_a

Skill      XL: |  1 |
---------------+----+-----
Necromancy     | 3 |  3.1
Fighting       | |  1.0
Armour         | |  1.0
Stealth        | |  1.0
Spellcasting   | |  1.0
Ice Magic      | |  1.7
Evocations     | |  1.0

Action                   || total
-------------------------++-------
Melee: Dagger            ||    32
  Use: Scroll            ||     1
Armor: Robe              ||     8
Dodge: Dodged            ||    21
